 Dungeon Crawl Stone Soup version 0.31.0-11-ge490571c62 (webtiles) character file.

Game seed: 6952323546622636753

5363 thirtiethelement the Cleaver (level 10, -7/77 HPs)
             Began as a Demonspawn Berserker on Jan 28, 2024.
             Was a Priest of Trog.
             Mangled by a water elemental (12 damage)
             ... on level 9 of the Dungeon.
             The game lasted 00:17:28 (8297 turns).

thirtiethelement the Cleaver (Demonspawn Berserker) Turns: 8297, Time: 00:17:28

Health: -7/77      AC: 24    Str: 23    XL:     10   Next: 39%
Magic:  10/10      EV:  8    Int:  7    God:    Trog [***...]
Gold:   281        SH:  0    Dex: 12    Spells: 9/9 levels left

rFire   . . .        d - +1 executioner's axe (flame)
rCold   . . .        (shield currently unavailable)
rNeg    . . .        t - +0 plate armour
rPois   +            (no helmet)
rElec   .            C - +2 cloak
rCorr   .            h - +2 pair of gloves
SInv    +            l - +0 pair of boots
Will    .....        v - amulet of the acrobat Stlth
                     f - ring of see invisible
HPRegen 0.32/turn    q - ring of poison resistance
MPRegen 0.12/turn

%: acrobat
@: on berserk cooldown, slowed, very slow
A: hooves 2, icy blue scales 2, powered by death 3
a: Renounce Religion, Berserk, Trog's Hand


You were on level 9 of the Dungeon.
You worshipped Trog.
Trog was most pleased with you.
You visited 2 branches of the dungeon, and saw 10 of its levels.
You also visited: Sewer.

You collected 421 gold pieces.
You spent 140 gold pieces at shops.

Inventory:

Hand Weapons
 d - a +1 executioner's axe of flaming (weapon)
Missiles
 m - 7 boomerangs (quivered)
 x - 35 poisoned darts
 z - 2 curare-tipped darts
Armour
 h - a +2 pair of gloves (worn)
 l - a +0 pair of boots (worn)
 t - a +0 plate armour (worn)
 C - a +2 cloak (worn)
Jewellery
 f - a ring of see invisible (left hand)
 q - a ring of poison resistance (right hand)
 v - an amulet of the acrobat (around neck)
 B - a ring of positive energy
Wands
 a - a wand of iceblast (11)
 o - a wand of acid (10)
 A - a wand of polymorph (22)
 E - a wand of flame (8)
Scrolls
 b - 2 scrolls of blinking
 c - 4 scrolls of poison
 j - 2 scrolls of revelation
 p - a scroll of enchant armour
 w - a scroll of teleportation
 y - a scroll of butterflies
 D - 3 scrolls of fog
Potions
 e - 2 potions of attraction
 g - 2 potions of resistance
 i - 2 potions of cancellation
 k - 3 potions of might
 n - 3 potions of magic
 r - 2 potions of brilliance
 s - a potion of enlightenment
 u - a potion of invisibility
 F - 2 potions of berserk rage {unknown}


   Skills:
 + Level 6.9 Fighting
 + Level 10.5 Axes
 + Level 1.0 Throwing
 + Level 7.1 Armour
 + Level 4.4 Dodging
 + Level 0.6 Stealth


You had 9 spell levels left.
You didn't know any spells.
Your spell library contained the following spells:

 Spells                   Type           Power      Damage    Failure   Level
 Ensorcelled Hibernation  Hex/Ice        0%         N/A       100%        2
 Mercury Vapours          Alch/Air       0%         N/A       100%        2
 Mephitic Cloud           Conj/Alch/Air  0%         N/A       100%        3
 Passwall                 Erth           0%         N/A       100%        3
 Swiftness                Air            0%         N/A       100%        3
 Freezing Cloud           Conj/Ice/Air   0%         6-21      100%        5


Dungeon Overview and Level Annotations

Branches:
Dungeon (9/15)             Temple (1/1) D:7           Sewer (visited)
   Lair: D:8-11         Orc: D:9-12

Altars:
Ashenzari
Cheibriados
Dithmenos
Fedhas
Gozag
Hepliaklqana
Kikubaaqudgha
Makhleb
Nemelex Xobeh
Okawaru
Qazlal
Ru
Sif Muna
Trog
Uskayaw
Vehumet
Wu Jian
Xom
Yredelemnul

Shops:
D:3 (   D:5 *

Annotations:
D:6 2 transporters, SnakkuSnakku7's ghost, novice DjCK


Innate Abilities, Weirdness & Mutations

You have hoof-like feet.
You are mostly covered in icy blue scales. (AC +3)
You regenerate a lot of health from kills.


Message History

The merfolk hits you with a +0 trident.
* * * LOW HITPOINT WARNING * * *
A red film seems to cover your vision as you go berserk!
You feel yourself moving faster!
You feel mighty! The merfolk hits you with a +0 trident.
* * * LOW HITPOINT WARNING * * *
You hit the merfolk. You burn the merfolk.
The merfolk is severely wounded.
The merfolk hits you with a +0 trident.
* * * LOW HITPOINT WARNING * * *
You slash the merfolk! You burn the merfolk!
You kill the merfolk!
Trog accepts your kill.
You slash the water elemental! You burn the water elemental!
The water elemental is heavily damaged.
The water elemental hits you!
* * * LOW HITPOINT WARNING * * *
The water elemental engulfs you in water!
You hit the water elemental. You burn the water elemental.
The water elemental is heavily damaged.
* * * LOW HITPOINT WARNING * * *
Your lungs strain for air!
The water elemental hits you. The water engulfing you falls away.
You gasp with relief as air once again reaches your lungs.
The water elemental attacks as it pursues you!
The water elemental hits you.
You slice the water elemental!! You burn the water elemental.
You destroy the water elemental!
Trog accepts your kill.
Your Armour skill increases to level 7!
You feel a strong urge to attack something.
You are no longer berserk.
You are exhausted.
You feel yourself slow down.
There is a stone staircase leading up here.
You hit the water elemental. You burn the water elemental.
The water elemental is lightly damaged.
The water elemental closely misses you. The water elemental hits you!
You die...

................
#................
#...................#
#...................# ..#
#...................# .# #..#
#...................# .≈ #..#
#...................# ≈≈ #..#
#......E@...........# ~. #..#
#...................# ~.##..#
#...................# ≈~....#
#...................# ≈~....#
#...................# ~~....#
#...................#
≈...E.###)####..............#
≈..E.m....# #..............#
~~........# #..............#


You could see a water elemental.

Vanquished Creatures
  Maurice (D:7)
  Maggie (D:8)
  A merfolk (D:9)
  A troll (D:6)
  3 water elementals (D:9)
  2 wyverns
  A fire bat (D:7)
  An acid dragon (D:8)
  An ice beast (D:7)
  2 orc warriors
  2 black bears
  A sky beast (D:6)
  2 ogres
  A phantom (D:5)
  A centaur (D:8)
  6 kobold brigands (Sewer)
  5 bullfrogs
  A scorpion (D:7)
  A wight (D:8)
  15 killer bees
  A howler monkey (D:8)
  3 hounds
  3 jellies
  3 gnoll boudas
  6 orc priests
  A sleepcap (D:6)
  6 orc wizards
  9 adders
  13 gnolls
  6 ufetubi
  A dart slug (D:2)
  9 ribbon worms
  23 orcs
  10 ball pythons
  10 endoplasms
  A giant cockroach (D:2)
  5 goblins
  6 hobgoblins
  5 jackals
  5 bats
  A frilled lizard (D:2)
  13 kobolds
  4 rats
193 creatures vanquished.

Vanquished Creatures (others)
  A centaur (D:8)
1 creature vanquished.

Grand Total: 194 creatures vanquished

Notes
Turn   | Place    | Note
-------+----------+-------------------------------------------
     0 | D:1      | thirtiethelement the Demonspawn Berserker began the quest
                  | for the Orb.
     0 | D:1      | Reached XP level 1. HP: 18/18 MP: 1/1
   229 | D:1      | Reached skill level 3 in Axes
   229 | D:1      | Gained mutation: You regenerate a little health from kills.
                  | [demonic ancestry]
   229 | D:1      | Reached XP level 2. HP: 17/24 MP: 2/2
  1153 | D:2      | Gained mutation: You regenerate health from kills. [demonic
                  | ancestry]
  1153 | D:2      | Reached XP level 3. HP: 23/29 MP: 3/3
  1416 | D:2      | Reached ** piety under Trog
  1957 | D:3      | Reached XP level 4. HP: 29/36 MP: 4/4
  1983 | D:3      | Found Sykhli's Antique Weapon Shoppe.
  2283 | D:3      | Found a glowing drain.
  2335 | Sewer    | Entered a sewer
  2357 | Sewer    | Noticed a kobold brigand
  2375 | Sewer    | Killed a kobold brigand
  2376 | Sewer    | Reached skill level 4 in Axes
  2376 | Sewer    | Gained mutation: You are partially covered in icy blue
                  | scales. (AC +2) [demonic ancestry]
  2376 | Sewer    | Reached XP level 5. HP: 35/42 MP: 5/5
  2711 | Sewer    | Gained mutation: You have large cloven feet. [demonic
                  | ancestry]
  2711 | Sewer    | Reached XP level 6. HP: 38/48 MP: 6/6
  3014 | Sewer    | Reached skill level 5 in Axes
  3195 | Sewer    | Gained mutation: You have hoof-like feet. [demonic
                  | ancestry]
  3195 | Sewer    | Reached XP level 7. HP: 39/54 MP: 7/7
  3570 | D:3      | Found a faded altar of an unknown god.
  4199 | D:4      | Found an ornate altar of the Wu Jian Council.
  4608 | D:4      | Identified a scroll of acquirement
  4608 | D:4      | Acquired a +1 executioner's axe of draining
  4678 | D:5      | Entered Level 5 of the Dungeon
  4693 | D:5      | Reached skill level 6 in Axes
  4703 | D:5      | Found Zafu's Assorted Antiques.
  4726 | D:5      | Bought a scroll labelled UQIAP UGUHACIM for 28 gold pieces
  4726 | D:5      | Bought a scroll of identify for 56 gold pieces
  4726 | D:5      | Bought a scroll of identify for 56 gold pieces
  4927 | D:5      | Found a broken altar of Ashenzari.
  4957 | D:5      | Gained mutation: You are mostly covered in icy blue scales.
                  | (AC +3) [demonic ancestry]
  4957 | D:5      | Reached XP level 8. HP: 61/61 MP: 8/8
  5370 | D:6      | Reached skill level 7 in Axes
  5681 | D:6      | Noticed a troll
  5687 | D:6      | Killed a troll
  5688 | D:6      | Reached skill level 5 in Armour
  5816 | D:6      | Found a bloodstained altar of Trog.
  5843 | D:6      | Found a radiant altar of Vehumet.
  5869 | D:6      | Reached *** piety under Trog
  5939 | D:6      | Noticed a hornet
  5943 | D:6      | Noticed SnakkuSnakku7's ghost (novice DjCK)
  5969 | D:6      | Found a transporter.
  5973 | D:6      | Found a transporter.
  6144 | D:6      | Found a sacrificial altar of Ru.
  6217 | D:7      | Reached skill level 8 in Axes
  6224 | D:7      | Reached skill level 5 in Fighting
  6335 | D:7      | Gained mutation: You regenerate a lot of health from kills.
                  | [demonic ancestry]
  6335 | D:7      | Reached XP level 9. HP: 68/68 MP: 9/9
  6481 | D:7      | Found a shimmering altar of Xom.
  6758 | D:7      | Found a shadowy altar of Dithmenos.
  6977 | D:7      | Noticed Maurice
  6981 | D:7      | Maurice stole 35 poisoned darts
  6993 | D:7      | Killed Maurice
  6994 | D:7      | Reached skill level 9 in Axes
  7228 | D:7      | Found a staircase to the Ecumenical Temple.
  7234 | Temple   | Entered the Ecumenical Temple
  7281 | D:7      | Found an opulent altar of Gozag.
  7423 | D:7      | Reached skill level 1 in Throwing
  7631 | D:8      | Reached XP level 10. HP: 38/77 MP: 10/10
  7670 | D:8      | Found a stormy altar of Qazlal.
  7747 | D:8      | Reached skill level 10 in Axes
  8070 | D:8      | Noticed Maggie
  8081 | D:8      | Killed Maggie
  8289 | D:9      | HP: 3/115 [drowned by a water elemental (5)]
  8297 | D:9      | Mangled by a water elemental

Illustrated notes

Levels and vault maps discovered:
D:1:      roderic_crop_circles_arrival_small, layout_loops_ring,
          minmay_curled_crystal, minmay_misc_feat_roman
D:2:      layout_loops_ring, minivault_5
D:3:      layout_loops_corners, shapermc_ecumenical_altar_flowoftime,
          cheibrodos_sewer_entry_sluice, serial_shops, shop, st_stairs_2
D:4:      layout_rooms, nzn_wu_jian_council_hall,
          serial_library_hellmonk_hallway_a, st_stairs_9
D:5:      layout_loops_cross, ashenzari_conservatory_becter, serial_shops,
          nicolae_shop_window_shopping
D:6:      layout_loops_ring, vehumet_crystals,
          mainiacjoe_overflow_six_doors_small, nicolae_ru_the_path_less_chosen,
          gammafunk_ghost_hive, serial_aquarium, aquarium_bridge_square
          [aquarium_subvault_bridge, aquarium_subvault_wall,
          aquarium_subvault_bridge, aquarium_subvault_wall], aquarium_window_1,
          aquarium_window_2, aquarium_view_2d, aquarium_balcony_double_2
D:7:      nicolae_cairo_tiling_large_dashed, layout_gridville,
          nicolae_dithmenos_shadow_blocks, mainiacjoe_overflow_surrounded_room,
          regret_index_xom_of_box, minmay_temple_entry_fiery, uniq_maurice
D:8:      layout_layer_cave, nicolae_overflow_crystal_walls,
          minmay_diced_spiral, uniq_maggie
D:9:      layout_long_grid, serial_shops, shop, hangedman_feature_mirror,
          nicolae_rank_and_phial, uniq_prince_ribbit1, uniq_amaemon
Temple:   oiseaux_autumnal_temple

Skill      XL: |  1  2  3  4  5  6  7  8  9 10 |
---------------+-------------------------------+-----
Axes           | 3 4 5 6 8 9 10 | 10.5
Dodging        | 2 3 4 |  4.4
Armour         | 2 3 4 5 6 7 |  7.1
Fighting       | 4 5 6 |  6.9
Throwing       | 1 |  1.0
Stealth        | |  0.6

Action                     |  1- 3 |  4- 6 |  7- 9 | 10-12 || total
---------------------------+-------+-------+-------+-------++-------
  Melee: Hand axe          |   111 |   268 |    70 |       ||   449
         Punch             |     3 |     2 |     2 |       ||     7
         Kick              |       |    23 |    39 |       ||    62
         Executioner's axe |       |       |   285 |    55 ||   340
  Throw: Boomerang         |       |       |     3 |       ||     3
 Invoke: Trog's Hand       |       |     2 |     5 |       ||     7
         Berserk           |       |     1 |     4 |     1 ||     6
    Use: Scroll            |       |       |    24 |     1 ||    25
         Potion            |       |       |     1 |       ||     1
   Stab: Sleeping          |     1 |       |       |       ||     1
 Armour: Animal skin       |    20 |       |       |       ||    20
         Ring mail         |    41 |       |       |       ||    41
         Scale mail        |     5 |   184 |    32 |       ||   221
         Chain mail        |       |       |   391 |       ||   391
         Plate armour      |       |       |   217 |    63 ||   280
  Dodge: Dodged            |    57 |   111 |   404 |    22 ||   594
